[Event "*** Titled Tuesday Blitz"]
[Site "Chess.com"]
[Date "2020.10.27"]
[Round "1"]
[White "Rodalquilar"]
[Black "Chessalary"]
[Result "1-0"]
[WhiteElo "2749"]
[BlackElo "2390"]
[TimeControl "180+1"]
[EndTime "10:01:08 PDT"]
[Termination "Rodalquilar won by resignation"]

1. d4 d5 2. Bf4 Nf6 3. e3 c5 4.
Nf3 Nc6 5. Nbd2 Bg4 6. c3 e6 7.
Qb3 Qb6 8. Qxb6 axb6 9. Bb5 Nd7 10. O-O Na7 11. Bxd7+ Kxd7 12. Ne5+ 1-0

[Event "*** Titled Tuesday Blitz"]
[Site "Chess.com"]
[Date "2020.10.27"]
[Round "1"]
[White "zurzan"]
[Black "Shuvalov"]
[Result "0-1"]
[WhiteElo "2021"]
[BlackElo "2518"]
[TimeControl "180+1"]
[EndTime "10:02:30 PDT"]
[Termination "Shuvalov won by resignation"]

1. f4 e5 2. fxe5 d6 3. exd6 Bxd6 4. Nf3 g5 5. g3 g4 6. Nh4 Ne7 7.
d4 Ng6 8. Nxg6 hxg6 9. Bf4 Bxf4 10. gxf4 Qh4+ 11. Kd2 g3 12. e3 Bg4 13. Qe1 Bf3 14.
Rg1 gxh2 15. Qxh4 Rxh4 0-1

[Event "*** Titled Tuesday Blitz"]
[Site "Chess.com"]
[Date "2020.10.27"]
[Round "1"]
[White "WanderingPuppet"]
[Black "Sesleria"]
[Result "1-0"]
[WhiteElo "2504"]
[BlackElo "1897"]
[TimeControl "180+1"]
[EndTime "10:02:39 PDT"]
[Termination "WanderingPuppet won by resignation"]

1. e4 c5 2. Nf3 e6 3. d4 cxd4 4.
Nxd4 Nc6 5. Nc3 Qc7 6. Ndb5 Qb8 7. Be3 a6 8. Bb6 axb5 9. Nxb5 Bb4+ 10. c3 Ba5 11. Nd6+ Kf8 12. Bc5 Nge7 13. Qh5 Kg8 1-0

[Event "*** Titled Tuesday Blitz"]
[Site "Chess.com"]
[Date "2020.10.27"]
[Round "1"]
[White "shriyanasmallya"]
[Black "Titus369"]
[Result "0-1"]
[WhiteElo "1662"]
[BlackElo "2498"]
[TimeControl "180+1"]
[EndTime "10:03:05 PDT"]
[Termination "Titus369 won by checkmate"]

1. e4 c5 2. Nc3 Nc6 3. f4 g6 4.
Nf3 Bg7 5. Bb5 Nd4 6. Nxd4 cxd4 7. Ne2 a6 8. Bd3 b5 9. O-O Bb7 10. c3 Qb6 11. Kh1 Nf6 12. e5 Ng4 13. Nxd4 h5 14. h3 d6 15. hxg4 hxg4+ 16. Kg1 dxe5 17. fxe5 Bxe5 18. Qxg4 Rd8 19. Be2 Rxd4 20. cxd4 Bxd4+ 21. Rf2 Bxf2+ 22. Kf1 Rh1# 0-1

[Event "*** Titled Tuesday Blitz"]
[Site "Chess.com"]
[Date "2020.10.27"]
[Round "1"]
[White "Alexsur1981"]
[Black "LileKoridze"]
[Result "1-0"]
[WhiteElo "2756"]
[BlackElo "2398"]
[TimeControl "180+1"]
[EndTime "10:03:06 PDT"]
[Termination "Alexsur1981 won by resignation"]

1. e4 c5 2. Nc3 Nc6 3. Bb5 d6 4.
Bxc6+ bxc6 5. d3 Nf6 6. f4 g6 7. Nf3 Bg7 8. O-O O-O 9. Qe1 Qb6 10. Kh1 a5 11. a4 Ba6 12. b3 Nxe4 13. Qxe4 Bxc3 14.
Rb1 Bg7 15. Qxe7 c4 16. Be3 Qb8 17. bxc4 Qc8 18. Qxd6 Re8 19. Bd4 Rd8 20. Qc5 Bxd4 21. Nxd4 Bb7 22. f5 Qd7 23. fxg6 hxg6 24. Nf3 Bc8 25.
Ne5 Qe6 26. Nxf7 1-0

[Event "*** Titled Tuesday Blitz"]
[Site "Chess.com"]
[Date "2020.10.27"]
[Round "1"]
[White "Legendinunknown"]
[Black "allvim"]
[Result "1-0"]
[WhiteElo "2652"]
[BlackElo "2305"]
[TimeControl "180+1"]
[EndTime "10:03:07 PDT"]
[Termination "Legendinunknown won by resignation"]

1. d4 Nf6 2. c4 e5 3. dxe5 Ng4 4. Bf4 Nc6 5. Nf3 Qe7 6. Qd5 Qb4+ 7. Nbd2 Qxb2 8.
Rb1 Qxa2 9. h3 Bb4 10. Qd3 Bxd2+ 11. Nxd2 Ngxe5 12. Bxe5 Nxe5 13. Qc3 O-O 14. Ra1 Nd3+ 15. exd3 Re8+ 16. Kd1 1-0

[Event "*** Titled Tuesday Blitz"]
[Site "Chess.com"]
[Date "2020.10.27"]
[Round "1"]
[White "tsaruk_maks"]
[Black "Ze-Pequeno"]
[Result "1-0"]
[WhiteElo "2642"]
[BlackElo "2294"]
[TimeControl "180+1"]
[EndTime "10:03:18 PDT"]
[Termination "tsaruk_maks won by resignation"]

1. e4 c5 2. Nf3 d6 3. d4 cxd4 4. Nxd4 Nf6 5. Nc3 a6 6. g3 e6 7. Bg2 Bd7 8. O-O Nc6 9. b3 Be7 10. Bb2 O-O 11. Nce2 Qc7 12. c4 b6 13. Nc3 Nxd4 14.
Qxd4 Bc6 15. Rac1 Qb7 16. a4 Rfd8 17. Rfd1 Rac8 18. Qe3 Bf8 19. b4 Ng4 20. Qe2 Ne5 21. f4 Nd7 22. b5 axb5 23. axb5 1-0

[Event "*** Titled Tuesday Blitz"]
[Site "Chess.com"]
[Date "2020.10.27"]
[Round "1"]
[White "TheMagnet"]
[Black "Shivagami"]
[Result "1-0"]
[WhiteElo "2587"]
[BlackElo "2244"]
[TimeControl "180+1"]
[EndTime "10:03:23 PDT"]
[Termination "TheMagnet won by resignation"]

1. d4 Nf6 2. c4 c5 3. d5 e6 4. Nc3 exd5 5. cxd5 d6 6. e4 a6 7. f4 b5 8. e5 Nfd7 9. e6 fxe6 10. dxe6 Nf6 11.
f5 d5 12. Bg5 d4 13. Ne4 Be7 14. Bxf6 Bxf6 15. Qh5+ 1-0

[Event "*** Titled Tuesday Blitz"]
[Site "Chess.com"]
[Date "2020.10.27"]
[Round "1"]
[White "talman67"]
[Black "AntonovaNadezhda"]
[Result "1-0"]
[WhiteElo "2538"]
[BlackElo "2115"]
[TimeControl "180+1"]
[EndTime "10:03:38 PDT"]
[Termination "talman67 won by resignation"]

1. e4 c5 2. Nf3 d6 3. d4 cxd4 4.
Nxd4 Nf6 5. Nc3 a6 6. Bg5 Nbd7 7. Bc4 Qb6 8. Bb3 Nc5 9. Bxf6 Nxb3 10. axb3 gxf6 11.
Nd5 Qd8 12. Nb5 Rb8 13. Nbc7+ Kd7 14. Qh5 e6 15. Qxf7+ Kc6 16. Nxe6 Bxe6 17. Qxe6 Bh6 18. Ra4 Re8 19. Rc4+ Kb5 20. Qxe8+ 1-0

[Event "*** Titled Tuesday Blitz"]
[Site "Chess.com"]
[Date "2020.10.27"]
[Round "1"]
[White "googlegoom"]
[Black "anon102030"]
[Result "0-1"]
[WhiteElo "2397"]
[BlackElo "2755"]
[TimeControl "180+1"]
[EndTime "10:03:41 PDT"]
[Termination "anon102030 won by resignation"]

1. Nf3 d6 2. d4 g6 3. b3 Bg7 4.
Bb2 Nc6 5. e3 Nf6 6. Be2 O-O 7.
O-O e5 8. dxe5 Ng4 9. c4 Ngxe5 10. Nxe5 dxe5 11. Nc3 Be6 12. a3 f5 13. b4 e4 14. Qc2 Ne5 15. Rfd1 Qe7 16. Nd5 Qf7 17. Rac1 g5 18. Bxe5 Bxe5 19. c5 c6 20. Nc3 Bb3 21. Qb2 Bxd1 22. Bxd1 Qg7 23. Bb3+ Kh8 24. Qd2 Rad8 25.
Qe1 Bxc3 26. Rxc3 Rd3 0-1

[Event "*** Titled Tuesday Blitz"]
[Site "Chess.com"]
[Date "2020.10.27"]
[Round "1"]
[White "BikingBrian"]
[Black "Kavyev_Ruslan"]
[Result "1-0"]
[WhiteElo "2266"]
[BlackElo "2579"]
[TimeControl "180+1"]
[EndTime "10:04:02 PDT"]
[Termination "BikingBrian won by checkmate"]

1. d4 Nf6 2. Bg5 Ne4 3. Bf4 c5 4. f3 Qa5+ 5. c3 Nf6 6. d5 Qb6 7. Bc1 e6 8. e4 exd5 9. exd5 c4 10. Bxc4 Bc5 11. Ne2 O-O 12. Bg5 Re8 13. b4 Be3 14. Bxe3 Qxe3 15. Qd2 Qb6 16. Qd4 Qxd4 17. cxd4 a6 18.
Kf2 b5 19. Bb3 Bb7 20. Nbc3 d6 21. Rhe1 Nbd7 22. Nf4 Nb6 23. Rxe8+ Rxe8 24. Re1 Rc8 25. Re3 g5 26. Nh3 h6 27. Re7 Bxd5 28. Nxd5 Nbxd5 29. Bxd5 Nxd5 30. Rd7 Rc6 31. a3 Nb6 32. Rd8+ Kg7 33.
Kg3 Nc4 34. f4 gxf4+ 35. Nxf4 Nxa3 36. Nh5+ Kg6 37. Kh4 Nc2 38. g4 Nxd4 39. Rg8+ Kh7 40. Nf6# 1-0

[Event "*** Titled Tuesday Blitz"]
[Site "Chess.com"]
[Date "2020.10.27"]
[Round "1"]
[White "FMJoseHerrera"]
[Black "PawnEatingZombie"]
[Result "1-0"]
[WhiteElo "2554"]
[BlackElo "2181"]
[TimeControl "180+1"]
[EndTime "10:04:02 PDT"]
[Termination "FMJoseHerrera won by resignation"]

1. Nf3 d5 2. g3 Nc6 3. Bg2 e5 4. O-O g6 5. c4 Nge7 6. cxd5 Nxd5 7. Nc3 Nde7 8. d3 Bg7 9. Bg5 h6 10. Bd2 O-O 11. a3 Be6 12. b4 a6 13. Ne4 b6 14.
Qc1 Kh7 15. Neg5+ hxg5 16. Nxg5+ Kg8 17. Nxe6 fxe6 18. Bxc6 Nxc6 19. Qxc6 e4 20. Qxe6+ Kh7 21. Qxe4 Bxa1 22. Rxa1 Qf6 23. Rf1 Rae8 24. Qg4 Qb2 25.
Qd7+ Kg8 26. Bh6 Rd8 27. Qe6+ Rf7 28. Qxg6+ 1-0

[Event "*** Titled Tuesday Blitz"]
[Site "Chess.com"]
[Date "2020.10.27"]
[Round "1"]
[White "Ermito2020"]
[Black "Samantha_Ross"]
[Result "1-0"]
[WhiteElo "2655"]
[BlackElo "2307"]
[TimeControl "180+1"]
[EndTime "10:04:19 PDT"]
[Termination "Ermito2020 won by resignation"]

1. e4 c5 2. Nf3 d6 3. d4 cxd4 4. Nxd4 Nf6 5. Nc3 g6 6. Be3 Bg7 7. f3 O-O 8. Qd2 Nc6 9. g4 Be6 10. Nxe6 fxe6 11. O-O-O Rc8 12. Nb5 a6 13. Nd4 Nxd4 14.
Bxd4 Nd7 15. Bxg7 Kxg7 16. Be2 Qb6 17. h4 Ne5 18. h5 Rh8 19. f4 Nc4 20. Qc3+ Ne5 21.
Qg3 Nc4 22. Bxc4 Rxc4 23. hxg6 hxg6 24. Rxh8 Kxh8 25. Qh4+ Kg8 26. Rh1 Qe3+ 27. Kb1 Kf7 28. Qh8 e5 29. f5 1-0

[Event "*** Titled Tuesday Blitz"]
[Site "Chess.com"]
[Date "2020.10.27"]
[Round "1"]
[White "GigaQuparadze"]
[Black "ASVZ"]
[Result "1-0"]
[WhiteElo "2831"]
[BlackElo "2432"]
[TimeControl "180+1"]
[EndTime "10:04:26 PDT"]
[Termination "GigaQuparadze won by resignation"]

1. Nf3 e6 2. g3 b6 3. Bg2 Bb7 4. O-O f5 5. d3 Nf6 6. Nbd2 g6 7. Re1 Bg7 8. e4 O-O 9. e5 Ng4 10. d4 g5 11. c3 Nh6 12. Nf1 Nf7 13. Nxg5 Bxg2 14.
Nxf7 Rxf7 15. Kxg2 Nc6 16. Bf4 Ne7 17. Bg5 Qe8 18. Bxe7 Rxe7 19. f4 h5 20. Qf3 h4 21.
gxh4 Bh6 22. Ng3 Rg7 23. h3 Kh7 24. Kh2 Qg6 25. Nh5 Rag8 26. Nxg7 Qxg7 27. Rg1 Qe7 28.
Rxg8 Kxg8 29. Rg1+ Kh7 30. Qh5 Qf8 31. Rg6 a5 32.
Rf6 1-0

[Event "*** Titled Tuesday Blitz"]
[Site "Chess.com"]
[Date "2020.10.27"]
[Round "1"]
[White "Mazetovic"]
[Black "KacperPolOK"]
[Result "1-0"]
[WhiteElo "2763"]
[BlackElo "2402"]
[TimeControl "180+1"]
[EndTime "10:04:28 PDT"]
[Termination "Mazetovic won by checkmate"]

1. e4 e6 2. d3 d5 3. Nd2 c5 4.
Ngf3 Nc6 5. g3 Bd6 6. Bg2 Nge7 7. O-O O-O 8. Re1 Qc7 9. c3 Rb8 10. h4 d4 11. Nc4 e5 12. a4 f6 13. h5 Be6 14.
Nh4 a6 15. a5 Bxc4 16. dxc4 Nxa5 17. Bh3 Kh8 18. Be6 b5 19. cxb5 axb5 20. Kg2 Rbd8 21. Rh1 Qb7 22. Rxa5 Qxe4+ 23. Qf3 Qc2 24. Ra7 e4 25.
Qd1 Qxd1 26. Rxd1 Nc6 27. Ng6+ hxg6 28. hxg6 Nxa7 29. Rh1# 1-0

[Event "*** Titled Tuesday Blitz"]
[Site "Chess.com"]
[Date "2020.10.27"]
[Round "1"]
[White "TengisChess"]
[Black "Colombiano07"]
[Result "1-0"]
[WhiteElo "2609"]
[BlackElo "2273"]
[TimeControl "180+1"]
[EndTime "10:04:39 PDT"]
[Termination "TengisChess won by resignation"]

1. f4 d5 2. Nf3 Nf6 3. g3 Bf5 4. Bg2 e6 5. O-O Be7 6. b3 O-O 7. Bb2 h6 8. d3 Bh7 9. Nbd2 c5 10. Ne5 Nfd7 11. Nxd7 Nxd7 12. e4 Rc8 13. exd5 exd5 14. Bxd5 b6 15. Bg2 Bf6 16. Qc1 Re8 17.
Ne4 Bxb2 18. Qxb2 Rc6 19. Rae1 Rce6 20. f5 Re5 21. g4 Nf6 22. h3 Nxe4 23. Rxe4 Rxe4 24.
dxe4 f6 25. Qc3 Qd6 26. Qd3 Qe5 27. Qd5+ Kf8 28. Qxe5 Rxe5 29. Rd1 Ke7 30. Kf2 h5 31. gxh5 Bg8 32. Ke3 Bf7 33. Bf3 Be8 34. Kf4 Bc6 35.
Rg1 Kf7 36. Rg6 Re8 37. h6 gxh6 38. Rxh6 Kg7 39. Rg6+ Kf7 40. Rg1 Rh8 41. Rh1 Kg7 42.
h4 Be8 43. Rg1+ Kf8 44. h5 1-0

[Event "*** Titled Tuesday Blitz"]
[Site "Chess.com"]
[Date "2020.10.27"]
[Round "1"]
[White "Lagmantr"]
[Black "davigator"]
[Result "1-0"]
[WhiteElo "2735"]
[BlackElo "2372"]
[TimeControl "180+1"]
[EndTime "10:04:42 PDT"]
[Termination "Lagmantr won by resignation"]

1. Nf3 d5 2. c4 c6 3. g3 g6 4. Bg2 Bg7 5. O-O Nf6 6. b3 O-O 7. Bb2 a5 8. Nc3 Bg4 9. h3 Bf5 10. d3 h6 11. Re1 g5 12. e4 dxe4 13. dxe4 Bg6 14. Qe2 Nfd7 15. Rad1 Qc7 16. e5 Nc5 17. h4 g4 18. Nd4 h5 19. Ba3 Nba6 20.
Ne4 Nxe4 21. Bxe4 Bxe4 22. Qxe4 e6 23. Bd6 Qd8 24. Bxf8 Qxf8 25. Ne2 Nc5 26. Qc2 Qb8 27. Nf4 Bxe5 28. Nxh5 f5 29. Qe2 Bh8 30. Qe3 Qf8 31.
Qg5+ Kh7 32. Rxe6 Nxe6 33. Rd7+ Bg7 34. Nf6+ 1-0

[Event "*** Titled Tuesday Blitz"]
[Site "Chess.com"]
[Date "2020.10.27"]
[Round "1"]
[White "Sankalp_Gupta2003"]
[Black "Misticpikachu"]
[Result "1-0"]
[WhiteElo "2706"]
[BlackElo "2354"]
[TimeControl "180+1"]
[EndTime "10:04:43 PDT"]
[Termination "Sankalp_Gupta2003 won by resignation"]

1. e4 c5 2. Nf3 Nc6 3. Nc3 e6 4. Bb5 Nd4 5. Nxd4 cxd4 6. Ne2 Qb6 7. Ba4 Nf6 8. Ng3 Bd6 9. Qf3 O-O 10. O-O Bxg3 11. hxg3 d6 12. d3 e5 13. Qe2 Bg4 14. f3 Be6 15. f4 Bg4 16. Qf2 Rac8 17. f5 h5 18. Bb3 Nd7 19. Bg5 Nc5 20. f6 g6 21. Bh6 Nxb3 22. axb3 Rfe8 23. Qd2 Kh7 24. Bg7 Rh8 25. Qh6+ 1-0

[Event "*** Titled Tuesday Blitz"]
[Site "Chess.com"]
[Date "2020.10.27"]
[Round "1"]
[White "Yashasd1995"]
[Black "NotFischer"]
[Result "1-0"]
[WhiteElo "2539"]
[BlackElo "2140"]
[TimeControl "180+1"]
[EndTime "10:04:44 PDT"]
[Termination "Yashasd1995 won by resignation"]

1. b3 Nf6 2. Bb2 g6 3. Bxf6 exf6 4. c4 Bg7 5. Nc3 f5 6. Rc1 O-O 7. g3 d6 8. Bg2 Nc6 9. Nf3 Re8 10. d4 Bd7 11.
O-O a6 12. e3 Rb8 13. Ne1 b5 14. cxb5 axb5 15. Nxb5 Rxb5 16. Bxc6 Bxc6 17. Rxc6 Qa8 18. Qc2 Rb7 19. Nd3 Reb8 20. Rc1 Bf6 21. Rxc7 Kg7 22. Rxb7 Rxb7 23. a4 Ra7 24. Qc6 Qb8 25. b4 1-0

[Event "*** Titled Tuesday Blitz"]
[Site "Chess.com"]
[Date "2020.10.27"]
[Round "1"]
[White "AleksanderHnydiuk"]
[Black "bobbyfischeristhegoat1"]
[Result "1-0"]
[WhiteElo "2531"]
[BlackElo "2102"]
[TimeControl "180+1"]
[EndTime "10:04:49 PDT"]
[Termination "AleksanderHnydiuk won by resignation"]

1. e4 c5 2. Nf3 d6 3. d4 cxd4 4. Nxd4 Nf6 5. Nc3 g6 6. Be3 Bg7 7. f3 O-O 8. Qd2 Nc6 9. O-O-O d5 10. exd5 Nxd5 11. Nxc6 bxc6 12. Bd4 e5 13. Bc5 Be6 14.
h4 f5 15. Bc4 Qf6 16. Nxd5 cxd5 17. Bxd5 Bxd5 18. Qxd5+ Kh8 19. Bxf8 Rxf8 20. Qd6 Qf7 21. Kb1 e4 22. fxe4 fxe4 23. a3 e3 24. Rhe1 Qf2 25.
Qe7 Qxh4 1-0

[Event "*** Titled Tuesday Blitz"]
[Site "Chess.com"]
[Date "2020.10.27"]
[Round "1"]
[White "eljanov"]
[Black "Rakesh"]
[Result "1-0"]
[WhiteElo "2878"]
[BlackElo "2454"]
[TimeControl "180+1"]
[EndTime "10:04:52 PDT"]
[Termination "eljanov won by resignation"]

1. e4 c5 2. Nf3 e6 3. c4 a6 4.
Nc3 Nc6 5. d4 cxd4 6. Nxd4 Qc7 7. Be3 Nf6 8. Be2 Bb4 9. O-O Bxc3 10. bxc3 Nxe4 11. Bf3 Nf6 12. Nxc6 dxc6 13. Bc5 Bd7 14. Rb1 b5 15. a4 Rc8 16. Qd4 e5 17. Rfe1 Be6 18. Rxe5 Qd8 19. Qe3 Qd7 20. Rd1 1-0

[Event "*** Titled Tuesday Blitz"]
[Site "Chess.com"]
[Date "2020.10.27"]
[Round "1"]
[White "Chernobay_Artem"]
[Black "Andrakhanova"]
[Result "1-0"]
[WhiteElo "2599"]
[BlackElo "2250"]
[TimeControl "180+1"]
[EndTime "10:04:53 PDT"]
[Termination "Chernobay_Artem won by resignation"]

1. d4 d5 2. c4 e6 3. Nc3 c6 4. e4 dxe4 5. Nxe4 Bb4+ 6. Bd2 Qxd4 7. Bxb4 Qxe4+ 8. Be2 Ne7 9. Nf3 Nd7 10. O-O c5 11. Bc3 O-O 12. Nd2 Qg6 13. Bh5 Qh6 14. Ne4 f5 15. Nd6 Nf6 16. Bf3 Rd8 17. Nxf5 Nxf5 18. Qxd8+ Kf7 19. Rad1 g5 20. Qc7+ Kg6 21. Bxf6 Kxf6 22.
Rd8 Nd4 23. Re1 1-0

[Event "*** Titled Tuesday Blitz"]
[Site "Chess.com"]
[Date "2020.10.27"]
[Round "1"]
[White "PhileKhoob"]
[Black "exoticprincess"]
[Result "0-1"]
[WhiteElo "2440"]
[BlackElo "2844"]
[TimeControl "180+1"]
[EndTime "10:04:54 PDT"]
[Termination "exoticprincess won by resignation"]

1. e4 d6 2. d4 Nf6 3. Nc3 e5 4. Nf3 Nbd7 5. Bc4 Be7 6. O-O O-O 7. Re1 c6 8. a4 h6 9. Ba2 Re8 10. h3 Qc7 11. Be3 Nf8 12. Qd2 N6h7 13. Rad1 a5 14.
Ne2 Be6 15. d5 cxd5 16. exd5 Bd7 17. b3 f5 18. Qc1 Ng6 19. c4 b6 20. Nc3 Nf6 21.
Bxh6 e4 22. Nd4 gxh6 23. Qxh6 Kf7 24. Ne6 Bxe6 25. dxe6+ Kxe6 26. Qxg6 Rg8 27. Qh6 Rh8 28. Qf4 Rag8 29. Nd5 Qc5 30. Nxf6 Bxf6 31. Bb1 Be5 32. Qe3 Qc7 33. f4 Qg7 34. Re2 Bc3 35. Qxb6 Bb4 36.
Qd4 Bc5 0-1

[Event "*** Titled Tuesday Blitz"]
[Site "Chess.com"]
[Date "2020.10.27"]
[Round "1"]
[White "Ariadna_Atreides"]
[Black "SilviusTiberius"]
[Result "0-1"]
[WhiteElo "2113"]
[BlackElo "2534"]
[TimeControl "180+1"]
[EndTime "10:04:55 PDT"]
[Termination "SilviusTiberius won by resignation"]

1. d4 Nf6 2. Nf3 g6 3. c4 Bg7 4. Nc3 O-O 5. e4 d6 6. Be2 e5 7. d5 a5 8. Bg5 h6 9. Bh4 g5 10. Bg3 Nh5 11. Nd2 Nf4 12. O-O Na6 13. a3 Bd7 14. Rb1 Nc5 15. b4 axb4 16. axb4 Na4 17. Nxa4 Bxa4 18. Qe1 f5 19. f3 h5 20.
exf5 Bc2 21. Rc1 Bxf5 22. Ne4 Ra2 23. Rf2 h4 24. Bxf4 exf4 25. Bd3 Bd4 26. Rc2 Ra1 27. Rc1 Bxf2+ 28. Nxf2 Rxc1 29. Qxc1 Bxd3 30. Nxd3 Qf6 31. Nf2 Ra8 32. Qc2 Ra1+ 33. Nd1 Qd4+ 34. Kf1 Qxd1+ 0-1

[Event "*** Titled Tuesday Blitz"]
[Site "Chess.com"]
[Date "2020.10.27"]
[Round "1"]
[White "kinga2008"]
[Black "cstevens1"]
[Result "1-0"]
[WhiteElo "2126"]
[BlackElo "2516"]
[TimeControl "180+1"]
[EndTime "10:04:58 PDT"]
[Termination "kinga2008 won by resignation"]

1. e4 c5 2. Nf3 e6 3. c3 d5 4. e5 d4 5. Bd3 Nc6 6. O-O Nge7 7. Re1 Nf5 8. Bxf5 exf5 9. d3 Be7 10.
Na3 Be6 11. Nb5 O-O 12. Bf4 Rc8 13. Nd6 Rc7 14. Qa4 dxc3 15. bxc3 Rd7 16. d4 cxd4 17.
cxd4 Bxd6 18. exd6 Qa5 19. Qxa5 Nxa5 20. Red1 Bd5 21.
Rac1 Bxf3 22. gxf3 b6 23. Rc7 Rfd8 24. Rdc1 f6 25.
Rxd7 Rxd7 26. Rc8+ Rd8 27. Rxd8+ 1-0

[Event "*** Titled Tuesday Blitz"]
[Site "Chess.com"]
[Date "2020.10.27"]
[Round "1"]
[White "RaunakSadhwani2005"]
[Black "KarstenHansch"]
[Result "1-0"]
[WhiteElo "2953"]
[BlackElo "2481"]
[TimeControl "180+1"]
[EndTime "10:05:05 PDT"]
[Termination "RaunakSadhwani2005 won by checkmate"]

1. c4 Nf6 2. Nc3 e6 3. e4 d5 4. e5 d4 5. exf6 dxc3 6. bxc3 gxf6 7. d4 b6 8. Nf3 Bb7 9. g3 Nd7 10. Bg2 Bd6 11. O-O Qe7 12. Be3 O-O-O 13. a4 f5 14. a5 Nf6 15. axb6 axb6 16. Ra7 Ne4 17. Qa1 f4 18. Bc1 f5 19. c5 bxc5 20. Qb2 Bc6 21.
Rd1 fxg3 22. hxg3 f4 23. Qa2 fxg3 24. Qa6+ Kd7 25. Ne5+ Bxe5 26. dxe5+ Bd5 27. Qa4+ Kc8 28. Ra8+ Kb7 29. Qa6# 1-0

[Event "*** Titled Tuesday Blitz"]
[Site "Chess.com"]
[Date "2020.10.27"]
[Round "1"]
[White "indfraeng"]
[Black "QuintilianoR"]
[Result "1/2-1/2"]
[WhiteElo "2352"]
[BlackElo "2673"]
[TimeControl "180+1"]
[EndTime "10:05:16 PDT"]
[Termination "Game drawn by repetition"]

1. d4 Nf6 2. c4 e6 3. g3 d5 4. Bg2 Be7 5. Nf3 O-O 6. O-O dxc4 7. Ne5 Nc6 8. Nxc6 bxc6 9. Na3 Bxa3 10. bxa3 Rb8 11. Qa4 Qxd4 12. Be3 Qe5 13. Qxc4 Nd5 14. Bxa7 Rb2 15. Bd4 Qxe2 16. Qxc6 Bb7 17. Qc1 Rxa2 18. Bxg7 Kxg7 19. Bxd5 Bxd5 20. Qg5+ Kh8 21. Qf6+ Kg8 22. Qg5+ Kh8 23. Qf6+ Kg8 24. Qg5+ Kh8 1/2-1/2

[Event "*** Titled Tuesday Blitz"]
[Site "Chess.com"]
[Date "2020.10.27"]
[Round "1"]
[White "Trickov"]
[Black "littleplotkin"]
[Result "1/2-1/2"]
[WhiteElo "2357"]
[BlackElo "2694"]
[TimeControl "180+1"]
[EndTime "10:05:19 PDT"]
[Termination "Game drawn by agreement"]

1. d4 Nf6 2. Nf3 g6 3. c4 Bg7 4. g3 d5 5. Bg2 O-O 6. O-O Nc6 7. cxd5 Nxd5 8. e3 Nb6 9. Nc3 e5 10. dxe5 Nxe5 11. Nxe5 Bxe5 12. Qxd8 Rxd8 13. e4 c6 14. f4 Bxc3 15. bxc3 Be6 16. Be3 Nc4 17. Bd4 b6 18. Rfd1 c5 19. Bf6 Rxd1+ 20. Rxd1 Ne3 21. Rd2 Nxg2 22. Kxg2 Kf8 23. a3 Ke8 24. Kf3 b5 25.
g4 a5 26. f5 Bd7 27. Rd5 Rc8 28. Re5+ Kf8 29. Be7+ Kg7 30. Rxc5 Rxc5 31. Bxc5 f6 32.
Bd4 Kf7 33. h4 Bc6 34. Kf4 h6 35. fxg6+ Kxg6 36. h5+ Kf7 37. Bb6 a4 38. Be3 Bd7 39.
Kf3 Kg7 40. Bd4 Kf7 41. Kg3 Kg7 42. Kf4 Kf7 43. e5 fxe5+ 44. Bxe5 Kg8 45. Bd4 Kh7 46. g5 hxg5+ 47. Kxg5 Be8 48. h6 Bd7 49. Be3 Be8 50.
Kf6 Bg6 51. Ke7 Bd3 52. Kd6 Bc4 53. Kc5 Bf1 54. Kb4 1/2-1/2

[Event "*** Titled Tuesday Blitz"]
[Site "Chess.com"]
[Date "2020.10.27"]
[Round "1"]
[White "Morshynska"]
[Black "Ginger_GM"]
[Result "0-1"]
[WhiteElo "2211"]
[BlackElo "2572"]
[TimeControl "180+1"]
[EndTime "10:05:22 PDT"]
[Termination "Ginger_GM won by resignation"]

1. Nf3 f5 2. g3 Nf6 3. Bg2 d6 4. O-O e5 5. d3 Be7 6. Nc3 O-O 7. e4 Nc6 8. h3 f4 9. gxf4 exf4 10. Bxf4 Nxe4 11.
Bh2 Nxc3 12. bxc3 Qe8 13. Nd4 Nxd4 14. cxd4 Qg6 15. Kh1 c6 16. d5 c5 17. Rb1 Qh6 18. Qc1 Bg5 19. f4 Bd8 20. Qe3 Bf6 21. f5 Qxe3 0-1

[Event "*** Titled Tuesday Blitz"]
[Site "Chess.com"]
[Date "2020.10.27"]
[Round "1"]
[White "FlamingPhoenix2910"]
[Black "Grieve72"]
[Result "1-0"]
[WhiteElo "2884"]
[BlackElo "2458"]
[TimeControl "180+1"]
[EndTime "10:05:23 PDT"]
[Termination "FlamingPhoenix2910 won by resignation"]

1. e4 c5 2. Nf3 e6 3. Nc3 Nc6 4. Bb5 Nd4 5. O-O a6 6. Bd3 Nc6 7. e5 b5 8. Re1 Bb7 9. Be4 d5 10.
exd6 Bxd6 11. d3 Nge7 12. Ng5 Ng6 13. Qh5 Qf6 14. Nxh7 Qe5 15. Bxc6+ Bxc6 16. Rxe5 Nxe5 17. Nf6+ Ke7 18. Nh7 Ng6 19. Bg5+ Kd7 20. Ne4 Bxe4 21.
dxe4 Be5 22. Qf3 Ke8 23. Qh5 Kd7 24. Rd1+ Kc6 25. g3 Bxb2 26. f4 Rxh7 27. Qf3 Kb6 28. Rd6+ Ka5 29. e5 Rhh8 30. Qb3 Bd4+ 31. Kg2 b4 32. a3 Rab8 33. Qc4 1-0

[Event "*** Titled Tuesday Blitz"]
[Site "Chess.com"]
[Date "2020.10.27"]
[Round "1"]
[White "crescentmoon2411"]
[Black "TomasKapitanchuk"]
[Result "1-0"]
[WhiteElo "2844"]
[BlackElo "2441"]
[TimeControl "180+1"]
[EndTime "10:05:23 PDT"]
[Termination "crescentmoon2411 won by checkmate"]

1. e4 c5 2. Nf3 e6 3. c3 Nf6 4. e5 Nd5 5. d4 cxd4 6. cxd4 d6 7.
Bc4 Be7 8. O-O O-O 9. Qe2 b6 10. Bd2 Bb7 11. Nc3 Nxc3 12. Bxc3 Nd7 13. Rfd1 dxe5 14.
dxe5 Qc7 15. Bd3 Nc5 16. Bc2 Rfd8 17. Rd4 Rxd4 18. Nxd4 Rd8 19. Rd1 a6 20. f4 b5 21.
f5 exf5 22. Nxf5 Rxd1+ 23. Qxd1 Bf8 24. Qg4 Bc8 25. Nh6+ Kh8 26. Nxf7+ Kg8 27. Nh6+ Kh8 28. Qf3 gxh6 29. Qxf8# 1-0

[Event "*** Titled Tuesday Blitz"]
[Site "Chess.com"]
[Date "2020.10.27"]
[Round "1"]
[White "Zq1"]
[Black "PattyCastillo"]
[Result "1-0"]
[WhiteElo "2500"]
[BlackElo "1851"]
[TimeControl "180+1"]
[EndTime "10:05:23 PDT"]
[Termination "Zq1 won by resignation"]

1. d4 d5 2. c4 c6 3. cxd5 cxd5 4. Bg5 Qa5+ 5. Nc3 e6 6. e3 Bb4 7. Ne2 Nc6 8. a3 Be7 9. Bxe7 Ngxe7 10. Nf4 O-O 11.
Bd3 e5 12. b4 Qd8 13. dxe5 Nxe5 14. Nfxd5 Nxd3+ 15. Qxd3 Nxd5 16. Nxd5 Be6 17. Rd1 Qg5 18. O-O Rfd8 19. e4 Rac8 20. f4 Qh4 21. Qg3 Qxg3 22.
hxg3 Bxd5 23. exd5 Rd6 24. Rf3 Kf8 25. Rfd3 Ke7 26. Kf2 Rc2+ 27. R1d2 Rc7 28. g4 f5 29. gxf5 Kf6 30. g4 h6 31. Re2 Rcd7 32. Re6+ Kf7 33.
Rxd6 Rxd6 34. Kf3 Kf6 35. Ke4 Ra6 36. d6 1-0

[Event "*** Titled Tuesday Blitz"]
[Site "Chess.com"]
[Date "2020.10.27"]
[Round "1"]
[White "pedromartinez91"]
[Black "GMJustin"]
[Result "1-0"]
[WhiteElo "2625"]
[BlackElo "2284"]
[TimeControl "180+1"]
[EndTime "10:05:25 PDT"]
[Termination "pedromartinez91 won on time"]

1. b3 e5 2. Bb2 Nc6 3. e3 a6 4.
c4 d5 5. cxd5 Qxd5 6. Bc4 Qxg2 7. Qf3 Qxf3 8. Nxf3 f6 9. Rg1 Nge7 10. a3 Nf5 11. h4 Nd6 12. Be2 Be6 13. b4 Nc4 14.
Bc3 b5 15. d3 Nb6 16. Nbd2 Nd5 17. Bb2 a5 18. bxa5 Rxa5 19. d4 exd4 20. Nxd4 Nxd4 21.
Bxd4 Kf7 22. Bb2 c6 23. Nb3 Ra4 24. Nd4 Bd7 25. Bh5+ g6 26. Bd1 Ra8 27. Bb3 Kg7 28.
h5 Bd6 29. Bc2 Rhg8 30. hxg6 hxg6 31. Rxg6+ Kf7 32. Rxg8 Rxg8 33. Ke2 c5 34. Nf3 c4 35. Rd1 Be6 36. Be4 c3 37. Bc1 c2 38. Rxd5 1-0